MWL (24 & UNDER)
BEMIDJI BENDERS @ MANHATTEN MEATHEADS
05/14/2023
 
TOP OF THE 1ST
Bemidji Benders batting - Pitching for Manhatten Meatheads : RHP Rafael Ramírez
Pitching: RHP Rafael Ramírez
Batting: RHB António López 0-0: Ball
1-0: Called Strike
1-1: Called Strike
1-2: Fly out, F9 (Flyball, 9LS)
Batting: RHB Esteban Salas 0-0: Foul Ball, location: 2F
0-1: Ball
1-1: Ball
2-1: Swinging Strike
2-2: Foul Ball, location: 2F
2-2: Strikes out looking
Batting: LHB Willie Wallace 0-0: Called Strike
0-1: Foul Ball, location: 2F
0-2: Strikes out swinging
Top of the 1st over - 0 run(s), 0 hit(s), 0 error(s), 0 left on base; Bemidji 0 - Manhatten 0
BOTTOM OF THE 1ST
Manhatten Meatheads batting - Pitching for Bemidji Benders : RHP Alberto Parra
Pitching: RHP Alberto Parra
Batting: RHB William Moore 0-0: Called Strike
0-1: Called Strike
0-2: Ball
1-2: Ball
2-2: Strikes out looking
Batting: RHB Júlio Galló 0-0: Ball
1-0: Bunted foul
1-1: Foul Ball, location: 2F
1-2: Strikes out swinging
Batting: LHB Dave Watt 0-0: Fly out, F7 (Flyball, 7LS)
Bottom of the 1st over - 0 run(s), 0 hit(s), 0 error(s), 0 left on base; Bemidji 0 - Manhatten 0
TOP OF THE 2ND
Bemidji Benders batting - Pitching for Manhatten Meatheads : RHP Rafael Ramírez
Batting: SHB Rob Grun 0-0: Ball
1-0: Foul Ball, location: 2F
1-1: Ball
2-1: Foul Ball, location: 2F
2-2: Ground out U3 (Groundball, 3)
Batting: RHB Alfredo López 0-0: Swinging Strike
0-1: Foul Ball, location: 2F
0-2: Ball
1-2: Foul Ball, location: 2F
1-2: Ball
2-2: Strikes out swinging
Batting: SHB Edgardo Osorio 0-0: Foul Ball, location: 2F
0-1: Foul Ball, location: 2F
0-2: Ball
1-2: Foul Ball, location: 2F
1-2: Strikes out swinging
Top of the 2nd over - 0 run(s), 0 hit(s), 0 error(s), 0 left on base; Bemidji 0 - Manhatten 0
BOTTOM OF THE 2ND
Manhatten Meatheads batting - Pitching for Bemidji Benders : RHP Alberto Parra
Batting: RHB Jason Erickson 0-0: Swinging Strike
0-1: Ball
1-1: SINGLE (Line Drive, 9S)
Batting: LHB António Cedeño 0-0: Called Strike
0-1: Hit by Pitch
Jason Erickson to second
Batting: RHB Lynn Ford 0-0: Foul Ball, location: 2F
0-1: Swinging Strike
0-2: Ball
1-2: Ball
2-2: Strikes out swinging
Batting: RHB Ben Morton 0-0: Called Strike
0-1: Swinging Strike
0-2: Ball
1-2: Strikes out looking
Batting: RHB Mitch Thomas 0-0: Ball
1-0: Fielders Choice at 2nd, U6 (Groundball, 6M)
Bottom of the 2nd over - 0 run(s), 1 hit(s), 0 error(s), 2 left on base; Bemidji 0 - Manhatten 0
TOP OF THE 3RD
Bemidji Benders batting - Pitching for Manhatten Meatheads : RHP Rafael Ramírez
Batting: RHB Juan Costello 0-0: Ball
1-0: Ball
2-0: Ball
3-0: Base on Balls
Batting: RHB Claudio Souza 0-0: Called Strike
0-1: Ball
Juan Costello is caught stealing 2nd base
1-1: Reached on error, E5 (Groundball, 5)
Batting: RHB Roberto Solís 0-0: Ball
1-0: Swinging Strike
1-1: Called Strike
1-2: Strikes out swinging
Batting: RHB António López 0-0: Called Strike
0-1: Foul Ball, location: 2F
0-2: Ball
1-2: Strikes out swinging
Top of the 3rd over - 0 run(s), 0 hit(s), 1 error(s), 1 left on base; Bemidji 0 - Manhatten 0
BOTTOM OF THE 3RD
Manhatten Meatheads batting - Pitching for Bemidji Benders : RHP Alberto Parra
Batting: RHB Juan Reyes 0-0: Fly out, F8 (Flyball, 8LM)
Batting: RHB William Moore 0-0: Ball
1-0: Ball
2-0: Called Strike
2-1: Ground out 6-3 (Groundball, 6)
Batting: RHB Júlio Galló 0-0: Swinging Strike
0-1: Ball
1-1: Ball
2-1: Ball
3-1: Foul Ball, location: 2F
3-2: Strikes out looking
Bottom of the 3rd over - 0 run(s), 0 hit(s), 0 error(s), 0 left on base; Bemidji 0 - Manhatten 0
TOP OF THE 4TH
Bemidji Benders batting - Pitching for Manhatten Meatheads : RHP Rafael Ramírez
Batting: RHB Esteban Salas 0-0: SINGLE (Groundball, 6MD)
Batting: LHB Willie Wallace 0-0: Foul Ball, location: 2F
0-1: Ball
1-1: Called Strike
1-2: Ball
2-2: Reached on Error, E9 (Flyball, 9D)
Esteban Salas to second
Batting: SHB Rob Grun 0-0: Called Strike
0-1: Foul Ball, location: 2F
0-2: Strikes out swinging
Batting: RHB Alfredo López 0-0: Swinging Strike
0-1: Ball
1-1: Called Strike
1-2: Strikes out swinging
Batting: SHB Edgardo Osorio 0-0: Fly out, F9 (Flyball, 9M)
Top of the 4th over - 0 run(s), 1 hit(s), 1 error(s), 2 left on base; Bemidji 0 - Manhatten 0
BOTTOM OF THE 4TH
Manhatten Meatheads batting - Pitching for Bemidji Benders : RHP Alberto Parra
Batting: LHB Dave Watt 0-0: Ball
1-0: Ball
2-0: Ball
3-0: Foul Ball, location: 2F
3-1: Base on Balls
Batting: RHB Jason Erickson 0-0: Called Strike
0-1: Fielders Choice at 2nd, 6-4 (Groundball, 6)
Batting: LHB António Cedeño 0-0: Called Strike
0-1: Fielders Choice at 2nd, 4-6 (Groundball, 34)
Batting: RHB Lynn Ford 0-0: Ball
1-0: Foul Ball, location: 2F
1-1: Foul Ball, location: 2F
1-2: Strikes out looking
Bottom of the 4th over - 0 run(s), 0 hit(s), 0 error(s), 1 left on base; Bemidji 0 - Manhatten 0
TOP OF THE 5TH
Bemidji Benders batting - Pitching for Manhatten Meatheads : RHP Rafael Ramírez
Batting: RHB Juan Costello 0-0: Ball
1-0: Called Strike
1-1: Ball
2-1: Ball
3-1: Foul Ball, location: 2F
3-2: Base on Balls
Batting: RHB Claudio Souza 0-0: Swinging Strike
0-1: Called Strike
Juan Costello is caught stealing 2nd base
0-2: Ball
1-2: Foul Ball, location: 2F
1-2: Ball
2-2: Strikes out swinging
Batting: RHB Roberto Solís 0-0: DOUBLE (Line Drive, 78M)
Batting: RHB António López 0-0: Called Strike
0-1: Ball
1-1: Foul Ball, location: 2F
1-2: Fly out, F6 (Popup, 6MS)
Top of the 5th over - 0 run(s), 1 hit(s), 0 error(s), 1 left on base; Bemidji 0 - Manhatten 0
BOTTOM OF THE 5TH
Manhatten Meatheads batting - Pitching for Bemidji Benders : RHP Alberto Parra
Batting: RHB Ben Morton 0-0: Swinging Strike
0-1: Ball
1-1: Ball
2-1: Ball
3-1: Foul Ball, location: 2F
3-2: Ground out 1-3 (Groundball, 15S)
Batting: RHB Mitch Thomas 0-0: Ball
1-0: Ball
2-0: Ground out 6-3 (Groundball, 6M)
Batting: RHB Juan Reyes 0-0: Ball
1-0: SINGLE (Groundball, 56D)
Batting: RHB William Moore 0-0: Foul Ball, location: 2F
0-1: Ball
1-1: Foul Ball, location: 2F
1-2: Strikes out swinging
Bottom of the 5th over - 0 run(s), 1 hit(s), 0 error(s), 1 left on base; Bemidji 0 - Manhatten 0
TOP OF THE 6TH
Bemidji Benders batting - Pitching for Manhatten Meatheads : RHP Rafael Ramírez
Batting: RHB Esteban Salas 0-0: Foul Ball, location: 2F
0-1: Called Strike
0-2: Strikes out swinging
Batting: LHB Willie Wallace 0-0: Swinging Strike
0-1: Fly out, F8 (Flyball, 89XD)
Batting: SHB Rob Grun 0-0: Foul Ball, location: 2F
0-1: Foul Ball, location: 2F
0-2: Foul Ball, location: 2F
0-2: Strikes out swinging
Top of the 6th over - 0 run(s), 0 hit(s), 0 error(s), 0 left on base; Bemidji 0 - Manhatten 0
BOTTOM OF THE 6TH
Manhatten Meatheads batting - Pitching for Bemidji Benders : RHP Alberto Parra
Batting: RHB Júlio Galló 0-0: Ball
1-0: Ball
2-0: Ball
3-0: Called Strike
3-1: Called Strike
3-2: Strikes out swinging
Batting: LHB Dave Watt 0-0: Ball
1-0: Called Strike
1-1: Swinging Strike
1-2: Foul Ball, location: 2F
1-2: Strikes out swinging
Batting: RHB Jason Erickson 0-0: Ball
1-0: Ground out 6-3 (Groundball, 6)
Bottom of the 6th over - 0 run(s), 0 hit(s), 0 error(s), 0 left on base; Bemidji 0 - Manhatten 0
TOP OF THE 7TH
Bemidji Benders batting - Pitching for Manhatten Meatheads : RHP Rafael Ramírez
Batting: RHB Alfredo López 0-0: Ball
1-0: Foul Ball, location: 2F
1-1: Fly out, F9 (Flyball, 9LD)
Pitching: RHP Mario Tovar
Batting: SHB Edgardo Osorio 0-0: Called Strike
0-1: Called Strike
0-2: Strikes out swinging
Batting: RHB Juan Costello 0-0: Called Strike
0-1: Ball
1-1: Ball
2-1: Fly out, F8 (Line Drive, 8LS)
Top of the 7th over - 0 run(s), 0 hit(s), 0 error(s), 0 left on base; Bemidji 0 - Manhatten 0
BOTTOM OF THE 7TH
Manhatten Meatheads batting - Pitching for Bemidji Benders : RHP Alberto Parra
Batting: LHB António Cedeño 0-0: Ball
1-0: Called Strike
1-1: Swinging Strike
1-2: Strikes out swinging
Pitching: RHP Dave Hammond
Pinch Hitting: RHB Iván Moreno 0-0: Ball
1-0: Fly out, F9 (Flyball, 89M)
Batting: RHB Ben Morton 0-0: Foul Ball, location: 2F
0-1: Ball
1-1: Called Strike
1-2: Foul Ball, location: 2F
1-2: Foul Ball, location: 2F
1-2: Ball
2-2: Ball
3-2: Fly out, F7 (Flyball, 7M)
Bottom of the 7th over - 0 run(s), 0 hit(s), 0 error(s), 0 left on base; Bemidji 0 - Manhatten 0
TOP OF THE 8TH
Bemidji Benders batting - Pitching for Manhatten Meatheads : RHP Mario Tovar
Now in CF: Mark McDonald
Batting: RHB Claudio Souza 0-0: Called Strike
0-1: Foul Ball, location: 2F
0-2: SINGLE (Line Drive, 89S)
Batting: RHB Roberto Solís 0-0: Ball
1-0: Bunt missed!
1-1: Ball
2-1: Sac Bunt - play at first, batter OUT! U3
Claudio Souza to second
Pinch Hitting: LHB Pedro Cerda 0-0: Intentional Walk
Batting: RHB Esteban Salas 0-0: Foul Ball, location: 2F
0-1: Ball
1-1: Ball
2-1: Called Strike
2-2: Fly out, F9 (Flyball, 89M)
Batting: LHB Willie Wallace 0-0: Foul Ball, location: 2F
0-1: Foul Ball, location: 2F
0-2: Strikes out swinging
Top of the 8th over - 0 run(s), 1 hit(s), 0 error(s), 2 left on base; Bemidji 0 - Manhatten 0
BOTTOM OF THE 8TH
Manhatten Meatheads batting - Pitching for Bemidji Benders : RHP Dave Hammond
Now at 2B: Pedro Cerda
Batting: RHB Mitch Thomas 0-0: Ball
1-0: Swinging Strike
1-1: Foul Ball, location: 2F
1-2: Ball
2-2: Strikes out swinging
Pinch Hitting: LHB Ed Murray 0-0: Called Strike
0-1: Ground out 5-3 (Groundball, 56S)
Batting: RHB William Moore 0-0: Swinging Strike
0-1: Ball
1-1: Called Strike
1-2: Strikes out swinging
Bottom of the 8th over - 0 run(s), 0 hit(s), 0 error(s), 0 left on base; Bemidji 0 - Manhatten 0
TOP OF THE 9TH
Bemidji Benders batting - Pitching for Manhatten Meatheads : RHP Mario Tovar
Pitching: RHP Jimmy Bradley
Now at 3B: Vitaliano Capuana
Batting: SHB Rob Grun 0-0: Ball
1-0: SINGLE (Flyball, 7S) - OUT at second base trying to stretch hit.
Batting: RHB Alfredo López 0-0: SINGLE (Line Drive, 8RS)
Pinch Runner at 1st Ángel Garza:
Batting: SHB Edgardo Osorio 0-0: Ball
1-0: Fly out, F9 (Flyball, 89M)
Batting: RHB Juan Costello 0-0: Ball
1-0: Ball
2-0: Called Strike
2-1: Fielders Choice at 2nd, U4 (Groundball, 4M)
Top of the 9th over - 0 run(s), 2 hit(s), 0 error(s), 1 left on base; Bemidji 0 - Manhatten 0
BOTTOM OF THE 9TH
Manhatten Meatheads batting - Pitching for Bemidji Benders : RHP Dave Hammond
Now in CF: António Aguilar
Batting: RHB Júlio Galló 0-0: Ground out 5-3 (Groundball, 56)
Batting: LHB Dave Watt 0-0: Ball
1-0: Ball
2-0: Ball
3-0: Called Strike
3-1: Called Strike
3-2: Strikes out swinging, 2-3 out at first.
Batting: RHB Jason Erickson 0-0: Ball
1-0: Called Strike
1-1: SINGLE (Line Drive, 4)
Batting: LHB António Cedeño 0-0: Fielders Choice at 2nd, U4 (Groundball, 4M)
Bottom of the 9th over - 0 run(s), 1 hit(s), 0 error(s), 1 left on base; Bemidji 0 - Manhatten 0
TOP OF THE 10TH
Bemidji Benders batting - Pitching for Manhatten Meatheads : RHP Jimmy Bradley
Batting: RHB Claudio Souza 0-0: Ball
1-0: Ball
2-0: Ground out 4-3 (Groundball, 4S)
Pinch Hitting: SHB José Cruz 0-0: Ball
1-0: Ball
2-0: Ball
3-0: Base on Balls
Batting: LHB Pedro Cerda 0-0: Called Strike
0-1: Ball
José Cruz steals 2nd base
1-1: Intentional Walk
Pinch Hitting: LHB Tony Green 0-0: Called Strike
0-1: Fielders Choice at 2nd, 1-6 (Groundball, 25)
José Cruz to third
Batting: LHB Willie Wallace 0-0: Ball
Passed Ball!
José Cruz scores
Tony Green to second
1-0: Ball
2-0: Ball
3-0: Base on Balls
Batting: SHB Rob Grun 0-0: Called Strike
0-1: Ball
1-1: Foul Ball, location: 2F
1-2: Ball
2-2: Strikes out swinging
Top of the 10th over - 1 run(s), 0 hit(s), 0 error(s), 2 left on base; Bemidji 1 - Manhatten 0
BOTTOM OF THE 10TH
Manhatten Meatheads batting - Pitching for Bemidji Benders : RHP Dave Hammond
Pitching: LHP António Martínez
Now at C: Jeff Lloyd
Now at SS: Júlio Sánchez
Batting: RHB Mark McDonald 0-0: Ground out 5-3 (Groundball, 56)
Batting: RHB Ben Morton 0-0: Ground out 6-3 (Groundball, 56)
Batting: RHB Mitch Thomas 0-0: Ball
1-0: Ball
2-0: Called Strike
2-1: Fly out, F7 (Flyball, 7LMF)
Bottom of the 10th over - 0 run(s), 0 hit(s), 0 error(s), 0 left on base; Bemidji 1 - Manhatten 0
This league is powered by Out of the Park Baseball, the baseball management simulation game for PC, Mac and Linux
Wednesday, December 2nd, 2015 - OOTP Baseball 16.8 Build 38